 Dungeon Crawl Stone Soup version 0.27-a0-1144-g0b7d3b79db (webtiles) character file.

Game seed: 12018011500429326750

153 jien the Skirmisher (level 5, -1/33 HPs)
             Began as a Gargoyle Fighter on May 10, 2021.
             Killed by nerve-wracking pain
             ... invoked by a shadow imp
             ... summoned by Natasha
              (5 damage)
             ... on level 3 of the Dungeon.
             The game lasted 00:02:50 (2929 turns).

jien the Skirmisher (Gargoyle Fighter)              Turns: 2929, Time: 00:02:51

Health: -1/33      AC: 11    Str: 21    XL:     5   Next: 35%
Magic:  5/5        EV:  7    Int:  8    God:
Gold:   99         SH:  9    Dex:  9    Spells: 4/4 levels left

rFire    . . .     SeeInvis .   a - +0 war axe
rCold    . . .     Faith    .   c - +0 kite shield
rNeg     + . .     Spirit   .   b - +0 scale mail
rPois    ∞         Reflect  .   (no helmet)
rElec    +         Harm     .   (no cloak)
rCorr    .         Rampage  .   (no gloves)
Will     .....                  (no boots)
Stlth    ..........             (no amulet)
HPRegen  0.11/turn              (no ring)
MPRegen  0.09/turn              (no ring)

@: slowed, very slow
A: sickness immunity, AC +4, negative energy resistance 1, electricity
resistance, torment resistance 1, petrification resistance
a: no special abilities


You were on level 3 of the Dungeon.
You visited 1 branch of the dungeon, and saw 3 of its levels.

You collected 99 gold pieces.

Inventory:

Hand Weapons
 a - a +0 war axe (weapon)
Armour
 b - a +0 scale mail (worn)
 c - a +0 kite shield (worn)
Scrolls
 g - a scroll of identify {unknown}
 h - a scroll of fog {unknown}
 j - a scroll of immolation {unknown}
Potions
 d - a potion of might
 e - a potion of curing {unknown}
 f - a potion of heal wounds {unknown}
 i - a potion of cancellation {unknown}


   Skills:
 + Level 4.1 Fighting
 * Level 3.3 Axes
 + Level 4.0 Armour
 + Level 4.1 Shields


You had 4 spell levels left.
You didn't know any spells.
Your spell library was empty.

Dungeon Overview and Level Annotations

Branches:
Dungeon (3/15)

Altars:

Annotations:
D:3 Natasha


Innate Abilities, Weirdness & Mutations

You are immune to sickness and miasma.
Your stone body is resilient. (AC +4)
You are immune to poison.
You resist negative energy. (rN+)
You are resistant to electric shocks. (rElec)
You are resistant to unholy torment.
You are immune to petrification.


Message History

The white imp hits you but does no damage.
Natasha claws you but does no damage. The kobold hits you but does no damage.
You are too injured to fight recklessly!
You are too injured to fight recklessly!
Unknown command.
You are too injured to fight recklessly!
Unknown command.
You are too injured to fight recklessly!
You hit Natasha.
Natasha is moderately wounded.
You slash the white imp!
You kill the white imp!
You hit the kobold. You closely miss the shadow imp. You miss something.
Something hits you but does no damage. Natasha claws you but does no damage.
The shadow imp hits you but does no damage.
The kobold hits you but does no damage. You block Natasha's attack.
Something hits you but does no damage. You block the kobold's attack.
You block the shadow imp's attack.
Your shield prevents you from hitting Natasha.
Natasha is moderately wounded.
You closely miss something. You closely miss the shadow imp.
You hit the kobold.
You kill the kobold!
Something hits you.
* * * LOW HITPOINT WARNING * * *
Something shocks you. You resist.
* * * LOW HITPOINT WARNING * * *
You block Natasha's attack. You block the shadow imp's attack.
Natasha mumbles some strange words.
Something hits you.
* * * LOW HITPOINT WARNING * * *
Something shocks you. You resist.
* * * LOW HITPOINT WARNING * * *
The shadow imp barely misses you.
You closely miss the shadow imp. You closely miss Natasha.
You closely miss something. You block Natasha's attack.
Something hits you but does no damage. The shadow imp gestures at you.
Pain shoots through your body!
You die...

#.#.....#
#.#.....#
.##.......#
.........#
........# ?
#......#
...#......##
......?)5<.##...
.#.5.@$...(....
......)h{.(......
##.#.............
#.........?.....
#...............
...............##
...##...........
..# #...........


You could see Natasha, a crimson imp (summoned) and a shadow imp (summoned).

Vanquished Creatures
  Jessica (D:3)
  Terence (D:2)
  A hound skeleton (D:2)
  Robin (D:2)
  A worm (D:2)
  3 dart slugs (D:1)
  2 ball pythons
  2 bats (D:1)
  7 endoplasms
  A giant cockroach (D:3)
  3 hobgoblins
  8 jackals
  2 quokkas
  2 frilled lizards (D:1)
  17 goblins
  8 kobolds
  2 rats
62 creatures vanquished.

Notes
Turn   | Place    | Note
-------+----------+-------------------------------------------
     0 | D:1      | jien the Gargoyle Fighter began the quest for the Orb.
     0 | D:1      | Reached XP level 1. HP: 14/14 MP: 1/1
   212 | D:1      | Reached XP level 2. HP: 19/19 MP: 2/2
   592 | D:1      | Reached XP level 3. HP: 23/23 MP: 3/3
  1821 | D:2      | Found a faded altar of an unknown god.
  1834 | D:2      | Noticed Robin
  1844 | D:2      | Reached XP level 4. HP: 8/29 MP: 4/4
  1844 | D:2      | Killed Robin
  2253 | D:2      | Noticed Terence
  2262 | D:2      | Killed Terence
  2500 | D:2      | Reached XP level 5. HP: 33/33 MP: 5/5
  2917 | D:3      | Noticed Natasha
  2917 | D:3      | Noticed Jessica
  2918 | D:3      | Noticed a sky beast
  2922 | D:3      | Killed Jessica
  2929 | D:3      | Killed from afar by a shadow imp

Illustrated notes

Levels and vault maps discovered:
D:1:      lightli_arrival_lavapool, layout_loops_corners, item_on_display_a
D:2:      layout_basic, hellmonk_ecumenical_altar_zigzags, uniq_terence,
          uniq_robin
D:3:      layout_rooms, pdpol_wu_jian_five_deadly_venoms, uniq_natasha,
          uniq_jessica, uniq_ijyb, uniq_grinder

Skill      XL: |  1  2  3  4 |
---------------+-------------+-----
Axes           | 2 3 |  3.3
Fighting       | 4 |  4.1
Armour         | 4 |  4.0
Shields        | 4 |  4.1

Action                   |  1- 3 |  4- 6 || total
-------------------------+-------+-------++-------
Melee: War axe           |   128 |    46 ||   174
Armor: Scale mail        |    88 |    46 ||   134
Dodge: Dodged            |    45 |    27 ||    72
Block: Kite shield       |    91 |    44 ||   135

Table legend: (Time is in decaauts)
 A = Elapsed time spent in this place.
 B = Non-inter-level travel time spent in this place.
 C = Inter-level travel time spent in this place.
 D = Time resting spent in this place.
 E = Time spent auto-exploring this place.
 F = Levels seen in this place.
 G = Mean time per level.
                   A        B        C        D        E       F      G
               +--------+--------+--------+--------+--------+-----+--------+
         Total |   3037 |   3000 |     37 |      0 |   2582 |   3 | 1012.3 |
       Dungeon |   3037 |   3000 |     37 |      0 |   2582 |   3 | 1012.3 |
               +--------+--------+--------+--------+--------+-----+--------+

Top non-repeatable levels by time:
     D:1: 1641 daAuts
     D:2: 1374 daAuts
     D:3: 21 daAuts
